 Dungeon Crawl Stone Soup version 0.20.1-1-g8b1a95d (webtiles) character file.

10901 Gremour the Covert (level 11, -1/79 HPs)
             Began as a Vampire Necromancer on Sept 18, 2017.
             Was an Elder of Kikubaaqudgha.
             Asphyxiated
             ... on level 11 of the Dungeon.
             The game lasted 02:07:40 (11099 turns).

Gremour the Covert (Vampire Necromancer)           Turns: 11099, Time: 02:07:41

Health: -1/79      AC:  0    Str:  7    XL:     11   Next: 42%
Magic:  17/20      EV: 27    Int: 17    God:    Kikubaaqudgha [****..]
Gold:   455        SH:  0    Dex: 26    Spells: 5/22 levels left

rFire    . . .     SeeInvis +   (weapon currently unavailable)
rCold    . . .     Gourm    .   (shield currently unavailable)
rNeg     + . .     Faith    .   (armour currently unavailable)
rPois    .         Spirit   .   (helmet currently unavailable)
rElec    .         Reflect  .   (cloak currently unavailable)
rCorr    .         Harm     +   (gloves currently unavailable)
MR       +....                  (boots currently unavailable)
Stlth    +++++++...             t - amulet of harm
Regen    0.3/turn               (ring currently unavailable)
MPRegen  0.2/turn               (ring currently unavailable)

@: lethally poisoned (-1 -> -20), about to teleport, bat-form, flying, studying
Long Blades, very quick
A: fangs 3, see invisible, agile 1
a: End Transformation, Receive Corpses, Renounce Religion


You were on level 11 of the Dungeon.
You worshipped Kikubaaqudgha.
Kikubaaqudgha was greatly pleased with you.
You were not thirsty.
You were in vampire-bat-form.
You visited 3 branches of the dungeon, and saw 13 of its levels.
You also visited: Ossuary.

You collected 455 gold pieces.

Inventory:

Hand Weapons
 a - a +3 vampiric long sword (melded)
 b - a +2 dagger of flaming
 k - a +0 dagger
 x - a +0 short sword
 z - a +1 mace
Armour
 j - a +0 cloak (melded)
 o - a +0 pair of boots (melded)
 q - a +0 helmet (melded)
 u - a +3 ring mail of fire resistance (melded)
 H - a +0 troll leather armour
Magical Staves
 G - an uncursed staff of power
Jewellery
 l - a +3 ring of evasion (melded)
 t - an amulet of harm (around neck)
 I - an uncursed amulet of faith {unknown}
 J - an uncursed ring of resist corrosion {unknown}
Wands
 w - a wand of lightning (9/15)
 A - a wand of flame (38/48)
 B - a wand of paralysis (11/24)
 D - a wand of lightning (7/15)
 E - a wand of flame (1/48)
Scrolls
 d - 3 scrolls of immolation
 e - a scroll of recharging
 f - 3 scrolls of amnesia
 g - 2 scrolls of fog
 m - 4 scrolls of teleportation
 n - 7 scrolls of identify
 y - 15 scrolls of remove curse
 C - a scroll of magic mapping
Potions
 c - a potion of blood
 i - 5 potions of flight
Books
 p - a book of Necromancy

   Spells                             Type                      Level
   a - Pain                           Necromancy                   1
   b - Animate Skeleton               Necromancy                   1
   c - Vampiric Draining              Necromancy                   3
   d - Regeneration                   Charms/Necromancy            3
   e - Animate Dead                   Necromancy                   4
   f - Control Undead                 Necromancy                   4
 s - Kikubaaqudgha's Catalogue of Dark Arts
   (Kikubaaqudgha gifted it to you on level 3 of the Dungeon)

   Spells                             Type                      Level
   a - Animate Dead                   Necromancy                   4
   b - Excruciating Wounds            Charms/Necromancy            5
   c - Cigotuvi's Embrace             Necromancy                   5
   d - Dispel Undead                  Necromancy                   5
   e - Death Channel                  Necromancy                   6
 v - Kikubaaqudgha's Catalogue of Necromancy
   (Kikubaaqudgha gifted it to you on level 5 of the Dungeon)

   Spells                             Type                      Level
   a - Animate Skeleton               Necromancy                   1
   b - Corpse Rot                     Necromancy                   2
   c - Sublimation of Blood           Necromancy                   2
   d - Vampiric Draining              Necromancy                   3
   e - Control Undead                 Necromancy                   4
 F - a manual of Long Blades


   Skills:
 + Level 5.1 Fighting
 - Level 0.4(6.8) Short Blades
 + Level 10.0 Long Blades
 * Level 5.1 Armour
 + Level 6.3 Dodging
 * Level 10.9 Stealth
 + Level 6.3 Spellcasting
 + Level 4.3 Charms
 + Level 7.5 Necromancy
 + Level 0.5 Evocations


You had 5 spell levels left.
You knew the following spells:

 Your Spells              Type           Power        Failure   Level  Hunger
a - Pain                  Necr           ####         1%          1    None
b - Sublimation of Blood  Necr           ####......   1%          2    None
c - Corpse Rot            Necr           N/A          1%          2    None
d - Animate Dead          Necr           N/A          5%          4    ####...
l - Control Undead        Necr           ####......   5%          4    ####...
r - Regeneration          Chrm/Necr      ####......   3%          3    ##.....
s - Animate Skeleton      Necr           N/A          1%          1    None


Dungeon Overview and Level Annotations

Branches:
Dungeon (11/15)            Temple (1/1) D:6            Lair (1/6) D:10
    Orc: D:9-12

Altars:
Ashenzari
Cheibriados
Dithmenos
Elyvilon
Fedhas
Gozag
Hepliaklqana
Kikubaaqudgha
Makhleb
Nemelex Xobeh
Okawaru
Qazlal
Ru
Sif Muna
Trog
Uskayaw
Vehumet
Xom
Yredelemnul
Zin
The Shining One

Shops:
D:5 %   D:8 }

Annotations:
D:11 Sonja


Innate Abilities, Weirdness & Mutations

You have razor-sharp teeth.
You have supernaturally acute eyesight. (SInv)
((You can survive without breathing.))
((You have sharp fingernails.))
((You have large cloven feet.))
You are agile. (Dex +2)
((You are covered in fur. (AC +1)))


Message History

You feel sick.
A gnoll comes into view. It is wielding a spear.
Sonja unwields an uncursed short sword of venom.
It stops dripping with poison.
Sonja wields an uncursed blowgun.
Sonja shoots a curare-tipped needle.
The curare-tipped needle completely misses you.
* * * LOW HITPOINT WARNING * * *
You feel sick.
Sonja says, "If only old Madame Brzewit could see me now!"
Sonja shoots a curare-tipped needle.
The curare-tipped needle completely misses you.
Things that are here:
a curare-tipped needle; a cloak
* * * LOW HITPOINT WARNING * * *
You feel sick.
Sonja shoots a curare-tipped needle.
The curare-tipped needle hits you.
You are more poisoned.
You have difficulty breathing.
You die...
Kikubaaqudgha rasps: "You have failed me!
Welcome... oblivion!"

#####.###<# #.# #.#
#.# #.# ####(# #.#
##.##.# #.#####
.####...#.###......
g'...(.((o.........
####...#.#########
##b##.###
...#######.)K...#
...........##(#.#
#.......#..##.#.#
#.......#..##.# #
##.....##.....#
###.## #..#### ...
#..# ... #..#


You could see Sonja and an orc.

Vanquished Creatures
  Josephine (D:10)
  Erolcha (D:9)
  A death yak (D:9)
  An unseen horror (D:10)
  The ghost of Nicoed the Firebug, a novice DEFE of Vehumet (D:8)
  An ugly thing (D:10)
  A manticore (D:11)
  2 trolls
  A hippogriff (D:9)
  3 wraiths (D:10)
  3 hogs (D:7)
  A yak (D:7)
  A human (D:7)
  A basilisk (D:11)
  The ghost of Schiappus the Chopper, an amateur DsBe of Trog (D:4)
  2 water moccasins
  A necrophage (D:8)
  3 orc warriors
  2 sky beasts
  7 ice beasts
  A phantom (D:4)
  4 ogres
  4 wolves (D:8)
  4 centaurs
  A big kobold (D:7)
  5 bullfrogs
  A wyvern zombie (D:6)
  4 killer bees (D:11)
  3 wights (D:6)
  A howler monkey (D:10)
  3 crimson imps
  2 centaur zombies (Ossuary)
  11 hounds
  A jelly (D:6)
  5 orc priests
  4 bullfrog skeletons
  2 iguanas
  14 orc wizards
  8 worker ants
  6 mummies
  3 worker ant zombies
  A howler monkey skeleton (D:9)
  8 gnolls
  9 adders
  3 shadow imps
  An ooze (D:1)
  An adder zombie (D:7)
  2 worms
  2 dart slugs
  A leopard gecko (D:4)
  42 orcs
  6 bats
  6 giant cockroaches
  9 goblins
  5 hobgoblins
  17 jackals
  4 kobolds
  6 quokkas
  2 ball pythons
  6 frilled lizards
  2 gnoll zombies (Ossuary)
  A goblin zombie (Ossuary)
  A hobgoblin zombie (Ossuary)
  A jackal skeleton (D:5)
  2 kobold zombies
  A leopard gecko zombie (D:5)
  2 orc zombies
  6 rats
269 creatures vanquished.

Vanquished Creatures (collateral kills)
  A centaur zombie (D:8)
  A centaur skeleton (D:11)
  A hippogriff (D:11)
  Grum (D:8)
  2 wraiths (D:10)
  A bullfrog (D:9)
  A scorpion (D:7)
  A wight (D:6)
  A howler monkey (D:7)
  An orc priest (D:8)
  A hound (D:11)
  An orc wizard (D:7)
  2 gnolls (D:7)
  An ooze (D:7)
  A leopard gecko (D:9)
  A kobold (D:7)
18 creatures vanquished.

Grand Total: 287 creatures vanquished

Notes
Turn   | Place    | Note
-------+----------+-------------------------------------------
     0 | D:1      | Gremour the Vampire Necromancer began the quest for the Orb.
     0 | D:1      | Reached XP level 1. HP: 13/13 MP: 3/3
   519 | D:1      | Reached XP level 2. HP: 11/19 MP: 0/5
  1520 | D:2      | Reached XP level 3. HP: 24/24 MP: 4/6
  1600 | D:2      | Learned a level 1 spell: Pain
  1604 | D:2      | Learned a level 3 spell: Regeneration
  1649 | D:2      | Reached skill level 5 in Necromancy
  2082 | D:2      | Reached XP level 4. HP: 31/31 MP: 7/7
  2259 | D:2      | Learned a level 4 spell: Animate Dead
  2536 | D:3      | Reached skill level 1 in Long Blades
  2536 | D:3      | Reached XP level 5. HP: 27/36 MP: 9/9
  2584 | D:3      | Learned a level 1 spell: Animate Skeleton
  2601 | D:3      | You fall through a shaft for 3 floors!
  2601 | D:6      | Found a staircase to the Ecumenical Temple.
  2626 | Temple   | Entered the Ecumenical Temple
  2664 | Temple   | Became a worshipper of Kikubaaqudgha
  2751 | D:6      | Reached skill level 1 in Fighting
  2825 | D:6      | Noticed a sky beast
  2837 | D:6      | Killed a sky beast
  2837 | D:6      | Reached skill level 5 in Stealth
  2837 | D:6      | Reached XP level 6. HP: 41/43 MP: 7/10
  2882 | D:5      | Entered Level 5 of the Dungeon
  2915 | D:5      | Reached skill level 1 in Charms
  2967 | D:5      | Noticed an ice beast
  2971 | D:5      | Reached * piety under Kikubaaqudgha
  2971 | D:5      | Identified Kikubaaqudgha's Catalogue of Necromancy (Kikubaaqudgha gifted it to you on level 5 of the Dungeon)
  2971 | D:5      | Received a gift from Kikubaaqudgha
  2975 | D:5      | Noticed an ice beast
  2977 | D:5      | Killed an ice beast
  2977 | D:5      | Reached XP level 7. HP: 50/50 MP: 2/11
  3028 | D:5      | Learned a level 2 spell: Sublimation of Blood
  3074 | D:5      | Found a stormy altar of Qazlal.
  3207 | D:5      | Found a sand-covered staircase.
  3212 | Ossuary  | Entered an ossuary
  3500 | Ossuary  | Reached skill level 5 in Long Blades
  3500 | Ossuary  | Reached XP level 8. HP: 51/57 MP: 12/12
  3575 | D:5      | Reached ** piety under Kikubaaqudgha
  3590 | D:5      | Gained mutation: You are agile. (Dex +2) [potion of mutation]
  3590 | D:5      | Gained mutation: You are covered in fur. (AC +1) [potion of mutation]
  3590 | D:5      | Gained mutation: Armour fits poorly on your strangely shaped body. [potion of mutation]
  3590 | D:5      | Gained mutation: You are robust. (+10% HP) [potion of mutation]
  3850 | D:5      | Found a bloodstained altar of Trog.
  3882 | D:5      | Found Xyqeim's Food Shop.
  4105 | D:4      | Noticed Schiappus's ghost (amateur DsBe)
  4167 | D:4      | Killed Schiappus's ghost
  4167 | D:4      | Reached skill level 5 in Dodging
  4919 | D:4      | Reached skill level 1 in Armour
  5144 | D:3      | Found a shadowy altar of Dithmenos.
  5166 | D:3      | Found a shimmering altar of Xom.
  5171 | D:3      | Found a snail-covered altar of Cheibriados.
  5439 | D:3      | Reached *** piety under Kikubaaqudgha
  5439 | D:3      | Identified Kikubaaqudgha's Catalogue of Dark Arts (Kikubaaqudgha gifted it to you on level 3 of the Dungeon)
  5439 | D:3      | Received a gift from Kikubaaqudgha
  5459 | D:3      | Learned a level 2 spell: Corpse Rot
  5636 | D:6      | Reached XP level 9. HP: 69/70 MP: 11/14
  7043 | D:7      | Found a radiant altar of Vehumet.
  7202 | D:7      | Found a blossoming altar of Fedhas.
  7308 | D:7      | Reached skill level 5 in Spellcasting
  7379 | D:7      | Reached **** piety under Kikubaaqudgha
  7450 | D:7      | Reached XP level 10. HP: 76/78 MP: 15/17
  7549 | D:8      | Noticed Grum
  7562 | D:8      | Found Pomihis's Quality Used Wands.
  7581 | D:8      | Killed Grum
  7598 | D:8      | Learned a level 4 spell: Control Undead
  7714 | D:8      | Noticed Nicoed's ghost (novice DEFE)
  7751 | D:8      | Killed Nicoed's ghost
  8034 | D:9      | Noticed Erolcha
  8041 | D:9      | Killed Erolcha
  8311 | D:9      | Found a hazy altar of Hepliaklqana.
  8460 | D:9      | Found an opulent altar of Gozag.
  8460 | D:9      | Found a glowing silver altar of Zin.
  8555 | D:10     | Entered Level 10 of the Dungeon
  8952 | D:10     | Noticed a death yak
  8953 | D:10     | Noticed an unseen horror
  8954 | D:10     | Found a staircase to the Lair.
  8954 | D:10     | Noticed a death yak
  8968 | D:10     | Killed an unseen horror
  9144 | D:10     | Noticed a death yak
  9681 | D:9      | Reached skill level 10 in Stealth
  9681 | D:9      | Reached XP level 11. HP: 85/85 MP: 19/19
  9756 | D:9      | Killed a death yak
 10496 | D:10     | Noticed Josephine
 10531 | D:10     | Killed Josephine
 10531 | D:10     | Reached skill level 5 in Fighting
 10543 | D:10     | Lost mutation: Armour fits poorly on your strangely shaped body. [potion of mutation]
 10543 | D:10     | Lost mutation: You are robust. (+10% HP) [potion of mutation]
 10543 | D:10     | Gained mutation: You have sharp fingernails. [potion of mutation]
 10543 | D:10     | Gained mutation: You have an increased reservoir of magic. (+10% MP) [potion of mutation]
 10543 | D:10     | Lost mutation: You have an increased reservoir of magic. (+10% MP) [potion of mutation]
 10543 | D:10     | Gained mutation: You have large cloven feet. [potion of mutation]
 10565 | D:10     | Noticed a purple ugly thing
 10615 | D:10     | Killed a purple ugly thing
 10799 | Lair:1   | Entered Level 1 of the Lair of Beasts
 10859 | D:11     | Reached skill level 5 in Armour
 11004 | D:11     | Reached skill level 10 in Long Blades
 11074 | D:11     | Noticed Sonja
 11099 | D:11     | Asphyxiated

Skill      XL: |  1  2  3  4  5  6  7  8  9 10 11 |
---------------+----------------------------------+-----
Stealth        | 4 5 6 7 10 | 10.9
Necromancy     | 5 6 7 |  7.5
Dodging        | 3 4 5 6 |  6.3
Long Blades    | 1 2 3 5 6 7 9 10 | 10.0
Fighting       | 1 2 3 4 5 |  5.1
Charms         | 1 2 3 4 |  4.3
Spellcasting   | 3 5 6 |  6.3
Armour         | 1 3 4 5 |  5.1
Short Blades   | |  0.4
Evocations     | |  0.5

Action                   |  1- 3 |  4- 6 |  7- 9 | 10-12 || total
-------------------------+-------+-------+-------+-------++-------
Melee: Dagger            |    17 |       |    91 |    47 ||   155
       Short sword       |    17 |     2 |       |       ||    19
       Long sword        |     9 |   137 |   450 |   328 ||   924
       Bite              |       |    13 |    73 |    59 ||   145
 Cast: Pain              |    46 |     8 |    23 |     5 ||    82
       Regeneration      |     2 |     5 |    22 |    43 ||    72
       Animate Skeleton  |       |     1 |     1 |     5 ||     7
       Sublimation of Bl |       |       |    10 |       ||    10
       Animate Dead      |       |       |     7 |    14 ||    21
       Control Undead    |       |       |       |     3 ||     3
       Corpse Rot        |       |       |       |     1 ||     1
Invok: Receive Corpses   |       |       |     1 |     3 ||     4
 Abil: Bat Form          |       |       |     1 |     4 ||     5
       End Transformatio |       |       |     1 |     3 ||     4
Evoke: Wand              |       |       |     5 |    18 ||    23
  Use: Scroll            |    10 |     2 |     4 |     8 ||    24
       Potion            |     3 |     2 |    31 |    20 ||    56
 Stab: Sleeping          |     7 |     3 |    23 |    16 ||    49
       Distracted        |       |       |     1 |     7 ||     8
  Eat: Corpse            |     2 |     2 |     1 |     3 ||     8
Armor: Robe              |    12 |       |       |       ||    12
       Ring mail         |     4 |    58 |   158 |   109 ||   329
       Skin              |       |       |       |     4 ||     4
Dodge: Dodged            |    53 |    88 |   354 |   338 ||   833
       Rpst.: Long sword |     3 |    34 |    97 |    65 ||   199
